 Dungeon Crawl Stone Soup version 0.27-a0-1321-gd358eaa319 (webtiles) character file.

Game seed: 17778627073698162001

196 Nattfarinn the Sneak (level 5, -4/33 HPs)
             Began as an Octopode Transmuter on June 22, 2021.
             Killed by nerve-wracking pain
             ... invoked by an orc priest
              (10 damage)
             ... on level 3 of the Dungeon.
             The game lasted 00:03:41 (2323 turns).

Nattfarinn the Sneak (Octopode Transmuter)          Turns: 2323, Time: 00:03:41

Health: -4/33      AC:  1    Str:  9    XL:     5   Next: 75%
Magic:  18/18      EV: 13    Int: 16    God:
Gold:   119        SH:  0    Dex: 13    Spells: 7/10 levels left

rFire    . . .     SeeInvis .     - Unarmed
rCold    . . .     Faith    .   (no shield)
rNeg     . . .     Spirit   .   (helmet restricted)
rPois    .         Reflect  .   (no amulet)
rElec    .         Harm     .   l - ring of magical power
rCorr    .         Rampage  .   (no ring)
Will     .....                  (no ring)
Stlth    ++++......             (no ring)
HPRegen  0.11/turn              (no ring)
MPRegen  0.16/turn              (no ring)
                                (no ring)
                                (no ring)

@: no status effects
A: almost no armour, amphibious, 8 rings, camouflage 1, gelatinous body 1,
(nimble swimmer 1), tentacles
a: no special abilities


You were on level 3 of the Dungeon.
You visited 1 branch of the dungeon, and saw 3 of its levels.

You collected 119 gold pieces.

Inventory:

Missiles
 d - 54 poisoned darts (quivered)
Jewellery
 e - a ring of ice
 l - a ring of magical power (left tentacle)
Wands
 o - a wand of acid (7)
Scrolls
 a - a scroll of brand weapon {unknown}
 b - a scroll of identify {unknown}
 c - a scroll of blinking {unknown}
 g - a scroll of teleportation {unknown}
 i - a scroll of magic mapping {unknown}
 k - a scroll of enchant weapon {unknown}
 n - a scroll of amnesia {unknown}
 r - a scroll of enchant armour {unknown}
Potions
 f - a potion of berserk rage {unknown}
 h - 2 potions of curing {unknown}
 j - a potion of haste {unknown}
 m - a potion of might {unknown}
 p - a potion of lignification {unknown}
 q - a potion of mutation {unknown}


   Skills:
 - Level 1.0 Fighting
 - Level 2.0 Dodging
 * Level 4.6 Stealth
 + Level 3.8 Unarmed Combat
 + Level 3.0 Spellcasting
 + Level 3.0 Transmutations


You had 7 spell levels left.
You knew the following spells:

 Your Spells              Type           Power      Damage    Failure   Level
a - Beastly Appendage     Tmut           24%        N/A       5%          1
b - Wereblood             Tmut           12%        N/A       9%          2

Your spell library contained the following spells:

 Spells                   Type           Power      Damage    Failure   Level
 Spider Form              Tmut/Pois      3%         N/A       30%         3
 Ice Form                 Ice/Tmut       7%         N/A       69%         4


Dungeon Overview and Level Annotations

Branches:
Dungeon (3/15)

Altars:


Innate Abilities, Weirdness & Mutations

You cannot wear most types of armour.
You are amphibious.
You can wear up to eight rings at the same time.
Your skin changes colour to match your surroundings (Stealth+).
Your rubbery body absorbs attacks. (AC +1, EV +1)
((You are camouflaged near water. (Stealth+)))
You have tentacles for arms and can constrict up to eight enemies at once.


Message History

The orc priest shouts!
The orc priest mumbles some strange prayers to Beogh against you.
Beogh smites you! The orc priest hits you with a +0 club.
You tentacle-slap the orc priest. Your grab misses the orc priest.
The orc priest is moderately wounded.
The orc priest misses you.
You closely miss the orc priest. Your grab misses the orc priest.
The orc priest is moderately wounded.
The orc priest calls down the wrath of Beogh upon you.
Pain shoots through your body!
You closely miss the orc priest. Your grab misses the orc priest.
The orc priest is moderately wounded.
The orc priest hits you with a +0 club.
You tentacle-slap the orc priest but do no damage.
Your grab misses the orc priest.
The orc priest is moderately wounded.
The orc priest barely misses you.
You closely miss the orc priest. Your grab misses the orc priest.
The orc priest is moderately wounded.
The orc priest begins to cast a cantrip, but forgets the words!
Okay, then.
You tentacle-slap the orc priest but do no damage.
Your grab misses the orc priest.
The orc priest is moderately wounded.
The orc priest begins to cast a cantrip, but forgets the words!
The orc priest hits you with a +0 club.
* * * LOW HITPOINT WARNING * * *
You closely miss the orc priest. You grab the orc priest.
The orc priest is moderately wounded.
You constrict the orc priest. You tentacle-slap the orc priest.
The orc priest is heavily wounded.
You constrict the orc priest. The orc priest misses you.
You tentacle-slap the orc priest.
The orc priest is almost dead.
You constrict the orc priest.
The orc priest mumbles some strange prayers to Beogh against you.
Pain shoots through your body!
You die...

##.# #.#
#>#.# #..#
#.# #.##.
#.## #.#
#.### #.#
#.. ... #.#
### #.# #.#
#.# #.# #.#
#.##########
#...@ooo....
############


You could see 2 orc priests and an orc.

Vanquished Creatures
  Sigmund (D:2)
  A dart slug (D:1)
  An orc (D:3)
  3 ball pythons
  6 endoplasms
  3 giant cockroaches
  2 goblins
  A hobgoblin (D:2)
  2 quokkas (D:2)
  5 bats
  3 frilled lizards (D:1)
  4 kobolds
  3 rats
35 creatures vanquished.

Notes
Turn   | Place    | Note
-------+----------+-------------------------------------------
     0 | D:1      | Nattfarinn the Octopode Transmuter began the quest for the
                  | Orb.
     0 | D:1      | Reached XP level 1. HP: 13/13 MP: 3/3
   153 | D:1      | Reached skill level 1 in Stealth
   200 | D:1      | Reached XP level 2. HP: 13/18 MP: 5/5
   963 | D:2      | Noticed Sigmund
   977 | D:2      | Killed Sigmund
   978 | D:2      | Reached skill level 4 in Stealth
   978 | D:2      | Reached XP level 3. HP: 12/23 MP: 7/7
   978 | D:2      | Reached XP level 4. HP: 14/28 MP: 8/8
   978 | D:2      | Reached XP level 5. HP: 17/33 MP: 9/9
  1310 | D:2      | Learned a level 2 spell: Wereblood
  2323 | D:3      | Killed from afar by an orc priest

Illustrated notes

Levels and vault maps discovered:
D:1:      nicolae_arrival_washed_ashore, layout_loops_ring
D:2:      layout_basic, uniq_sigmund
D:3:      layout_loops_ring

Skill      XL: |  1  2  3  4  5 |
---------------+----------------+-----
Stealth        | 1 4 |  4.6
Transmutations | 3 |  3.0
Spellcasting   | 3 |  3.0
Fighting       | |  1.0
Dodging        | |  2.0
Unarmed Combat | |  3.8

Action                   |  1- 3 |  4- 6 || total
-------------------------+-------+-------++-------
Melee: Unarmed           |    44 |    43 ||    87
       Tentacles         |     9 |     6 ||    15
       Constrict         |     8 |     8 ||    16
       Punch             |     3 |       ||     3
 Cast: Wereblood         |       |     4 ||     4
  Use: Potion            |     2 |       ||     2
 Stab: Sleeping          |     6 |     7 ||    13
Armor: Skin              |     4 |     3 ||     7
Dodge: Dodged            |    21 |    22 ||    43

Table legend: (Time is in decaauts)
 A = Elapsed time spent in this place.
 B = Non-inter-level travel time spent in this place.
 C = Inter-level travel time spent in this place.
 D = Time resting spent in this place.
 E = Time spent auto-exploring this place.
 F = Levels seen in this place.
 G = Mean time per level.
                   A        B        C        D        E       F      G
               +--------+--------+--------+--------+--------+-----+--------+
         Total |   2317 |   2291 |     26 |    200 |   1825 |   3 |  772.3 |
       Dungeon |   2317 |   2291 |     26 |    200 |   1825 |   3 |  772.3 |
               +--------+--------+--------+--------+--------+-----+--------+

Top non-repeatable levels by time:
     D:2: 1138 daAuts
     D:1: 798 daAuts
     D:3: 380 daAuts
